 Dungeon Crawl Stone Soup version 0.30-a0-1082-g70414cbcbb (webtiles) character file.

Game seed: 6603488900423546813

6000 Lobster4 the Conjurer (level 10, -1/84 HPs)
             Began as a Green Draconian Conjurer on Apr 15, 2023.
             Slain by a freezing wraith (3 damage)
             ... on level 8 of the Dungeon.
             The game lasted 00:30:03 (11352 turns).

Lobster4 the Conjurer (Green Draconian Conjurer)   Turns: 11352, Time: 00:30:03

Health: -1/84      AC:  8    Str:  9    XL:     10   Next: 55%
Magic:  16/19      EV: 14    Int: 23    God:
Gold:   403        SH:  0    Dex: 13    Spells: 10/21 levels left

rFire   . . .      SeeInvis .    F - +2 dagger (holy)
rCold   + . .      Faith    .    (no shield)
rNeg    . . .      Spirit   .    (body armour unavailable)
rPois   +          Reflect  .    (helmet restricted)
rElec   .          Rampage  .    (no cloak)
rCorr   +                        n - +0 pair of fencer's gloves {Riposte Dex+3}
Will    .....                    (no boots)
Stlth   ++                       (no amulet)
HPRegen 0.34/turn                v - ring of resist corrosion
MPRegen 0.16/turn                E - ring of protection from cold

@: hasted and slowed
A: breathe noxious fumes, AC +7, unfitting armour, poison resistance,
cold-blooded
a: Breathe Noxious Fumes


You were on level 8 of the Dungeon.
You visited 1 branch of the dungeon, and saw 8 of its levels.
You also visited: Bailey.

You collected 403 gold pieces.

Inventory:

Hand Weapons
 c - a +0 hand axe
 d - a +0 mace
 m - a +2 dagger of draining
 p - a +2 dagger of venom
 s - a +0 shortbow
 F - a +2 dagger of holy wrath (weapon)
Missiles
 y - 28 poisoned darts (quivered)
Armour
 n - the +0 pair of fencer's gloves (worn) {Riposte Dex+3}
   (You found it in a bailey)

   Riposte:   It allows the wearer to riposte with melee weapons, swiftly
   retaliating against missed or blocked melee attacks.
   Dex:       It affects your dexterity (+3).
Jewellery
 k - a ring of ice
 v - a ring of resist corrosion (left hand)
 E - a ring of protection from cold (right hand)
Wands
 r - a wand of roots (8)
 t - a wand of charming (16)
Scrolls
 f - a scroll of fog
 g - a scroll of magic mapping
 i - 2 scrolls of enchant weapon
 o - 3 scrolls of immolation
 q - a scroll of amnesia
 u - a scroll of blinking
Potions
 a - 3 potions of magic
 b - 2 potions of mutation
 e - a potion of berserk rage {unknown}
 h - a potion of cancellation
 j - 2 potions of curing
 z - 2 potions of resistance
 A - 4 potions of flight {unknown}


   Skills:
 + Level 6.8 Fighting
 + Level 3.3 Short Blades
 - Level 1.0 Axes
 + Level 0.1 Ranged Weapons
 - Level 3.0 Throwing
 + Level 6.0 Dodging
 - Level 2.0 Stealth
 + Level 6.2 Spellcasting
 + Level 7.6 Conjurations
 + Level 2.9 Summonings
 - Level 4.0 Air Magic
 + Level 6.0 Poison Magic
 - Level 3.0 Evocations


You had 10 spell levels left.
You knew the following spells:

 Your Spells              Type           Power      Damage    Failure   Level
a - Magic Dart            Conj           100%       1d8       1%          1
b - Searing Ray           Conj           84%        2d7       1%          2
c - Poisonous Vapours     Pois/Air       60%        N/A       1%          2
d - Mephitic Cloud        Conj/Pois/Air  34%        N/A       2%          3
e - Call Canine Familiar  Summ           20%        N/A       8%          3

Your spell library contained the following spells:

 Spells                   Type           Power      Damage    Failure   Level
 Dazzling Flash           Conj/Hex       48%        N/A       5%          3
 Hailstorm                Conj/Ice       24%        3d7       5%          3
 Apportation              Tloc           14%        N/A       9%          1
 Freeze                   Ice            28%        1d5       9%          1
 Fulminant Prism          Conj/Hex       12%        3d9       17%         4
 Iskenderun's Mystic Bla  Conj/Tloc      24%        2d7       17%         4
 Frozen Ramparts          Ice            14%        1d3       26%         3
 Portal Projectile        Hex/Tloc       14%        N/A       26%         3
 Freezing Cloud           Conj/Ice/Air   12%        6-21      43%         5
 Alistair's Intoxication  Tmut/Pois      14%        N/A       56%         5
 Leda's Liquefaction      Hex/Erth       3%         N/A       63%         4


Dungeon Overview and Level Annotations

Branches:
Dungeon (8/15)             Temple (0/1) D:7          Bailey (visited)
   Lair: D:8-11

Altars:

Annotations:
D:5 Grinder
D:7 exclusion: troll


Innate Abilities, Weirdness & Mutations

You can breathe blasts of noxious fumes.
Your lurid green scales are hard. (AC +7)
You cannot fit into any form of body armour.
Your system is resistant to poisons. (rPois)
You are cold-blooded and may be slowed by cold attacks.


Message History

Aim: a freezing wraith (100% to hit)
The magic dart hits the freezing wraith but does no damage.
Casting: Magic Dart (safe; 1% risk of failure)
Confirm with . or Enter, or press ? or * to list all spells.
Aiming: Searing Ray (safe; 1% risk of failure)
Press: ? - help, Shift-Dir - straight line, f/p - freezing wraith
Aim: a freezing wraith (82% to hit)
The searing ray hits the freezing wraith but does no damage. (Press . to maintain the ray.)
The searing ray misses the freezing wraith.
The searing ray misses the freezing wraith.
You hit the freezing wraith but do no damage.
The freezing wraith closely misses you. The freezing wraith barely misses you.
You hit the freezing wraith but do no damage.
The freezing wraith barely misses you. The freezing wraith closely misses you.
You barely miss the freezing wraith. The freezing wraith hits you!
The freezing wraith freezes you. You resist. The freezing wraith hits you.
The freezing wraith drains your vigour!
You feel yourself slow down.
You barely miss the freezing wraith. The freezing wraith hits you.
The freezing wraith freezes you! You resist.
The freezing wraith closely misses you.
You hit the freezing wraith but do no damage.
The freezing wraith hits you. The freezing wraith freezes you. You resist.
The freezing wraith barely misses you.
You hit the freezing wraith but do no damage.
You tail-slap the freezing wraith, but do no damage.
The freezing wraith misses you. The freezing wraith barely misses you.
The freezing wraith hits you but does no damage.
The freezing wraith barely misses you.
You closely miss the freezing wraith. The freezing wraith hits you.
The freezing wraith freezes you. You resist. The freezing wraith hits you!
* * * LOW HITPOINT WARNING * * *
The freezing wraith drains your vigour!
You feel as though you will be slow longer.
You feel yourself speed up. The freezing wraith hits you!
* * * LOW HITPOINT WARNING * * *
The freezing wraith freezes you! You resist.
* * * LOW HITPOINT WARNING * * *
The freezing wraith hits you.
You die...

..†#~.#.............##.#.#
####~....#.#.##.....##.#.#
≈~≈≈~......#.#####..##.#.#
......##.........#..##.#.#
.............###.#..##.#.#
.#..#.#####.## #.#..##.#.#
.#..#.# ###..###....##.#.#
......# #......W###.##.#.#
####### ####.###@......#.#
#.♣.♣.#.##......#
#♣.♣.♣#.#########
#.♣.♣.#.. #♣.♣.♣###
#.♣.♣.# ##♣.♣## ♣.♣.#
♣♣..#


You could see a freezing wraith.

Vanquished Creatures
  Pikel (D:5)
  Maurice (D:8)
  A gargoyle (Bailey)
  Maggie (D:8)
  Prince Ribbit (D:7)
  Sigmund (D:4)
  A wyvern (D:8)
  2 steam dragons
  Menkaure (D:4)
  An orc warrior (D:7)
  3 water moccasins
  5 sky beasts
  A black bear (D:6)
  3 ogres
  A centaur (D:8)
  A phantom (D:5)
  2 lemures (D:5)
  2 nameless horrors (D:8)
  3 bullfrogs
  A kobold brigand (D:8)
  A gnoll sergeant (D:5)
  2 scorpions
  4 killer bees (D:8)
  6 howler monkeys
  8 vampire bats (Bailey)
  8 wolf zombies (Bailey)
  4 hounds
  A gnoll bouda (D:7)
  2 orc priests
  2 jellies
  A sleepcap (D:7)
  2 iguanas (D:6)
  An orc wizard (D:7)
  Robin (D:4)
  10 gnolls
  7 adders
  2 shadow imps
  5 white imps
  2 ufetubi
  A worm (D:3)
  A dart slug (D:4)
  16 orcs
  5 endoplasms
  4 giant cockroaches
  15 goblins
  9 hobgoblins
  4 quokkas (D:4)
  7 ball pythons
  13 bats
  3 frilled lizards
  7 kobolds
  24 orc zombies (Bailey)
  3 rats
214 creatures vanquished.

Vanquished Creatures (collateral kills)
  A yak (D:8)
1 creature vanquished.

Vanquished Creatures (others)
  An orc (D:8)
  2 goblins (D:8)
3 creatures vanquished.

Grand Total: 218 creatures vanquished

Notes
Turn   | Place    | Note
-------+----------+-------------------------------------------
     0 | D:1      | Lobster4 the Draconian Conjurer began the quest for the
                  | Orb.
     0 | D:1      | Reached XP level 1. HP: 14/14 MP: 3/3
     3 | D:1      | Noticed a tengu
     8 | D:1      | Noticed a minotaur
    17 | D:1      | Noticed a vine stalker
   472 | D:2      | Reached XP level 2. HP: 14/22 MP: 5/5
   979 | D:2      | Reached skill level 1 in Fighting
  1074 | D:2      | Reached XP level 3. HP: 17/28 MP: 6/6
  1077 | D:2      | Learned a level 2 spell: Searing Ray
  1583 | D:3      | Reached skill level 1 in Axes
  1687 | D:3      | Reached XP level 4. HP: 34/35 MP: 7/7
  1926 | D:3      | Reached skill level 1 in Short Blades
  2106 | D:3      | Found a faded altar of an unknown god.
  2106 | D:3      | Noticed a hell beast
  2492 | D:4      | Noticed Menkaure
  2624 | D:4      | Noticed an ogre
  2636 | D:4      | Killed an ogre
  2637 | D:4      | Reached XP level 5. HP: 37/41 MP: 2/9
  2768 | D:4      | Noticed Robin
  2793 | D:4      | Killed Robin
  3111 | D:4      | Noticed Sigmund
  3120 | D:4      | Killed Sigmund
  3121 | D:4      | Reached skill level 5 in Conjurations
  3121 | D:4      | Reached XP level 6. HP: 46/51 MP: 5/10
  3515 | D:5      | Entered Level 5 of the Dungeon
  4050 | D:5      | Reached skill level 1 in Throwing
  4050 | D:5      | Reached skill level 1 in Evocations
  4050 | D:5      | Your scales start taking on a lurid green colour.
  4050 | D:5      | Reached XP level 7. HP: 55/57 MP: 4/12
  4050 | D:5      | Gained mutation: Your system is resistant to poisons.
                  | (rPois) [Green Draconian growth]
  4053 | D:5      | Learned a level 2 spell: Poisonous Vapours
  4400 | D:5      | Noticed a steam dragon
  4566 | D:5      | Noticed Pikel
  4675 | D:4      | Killed Menkaure
  4676 | D:4      | Reached skill level 1 in Air Magic
  4676 | D:4      | Reached skill level 1 in Poison Magic
  4959 | D:5      | Noticed Grinder
  4978 | D:5      | Killed a steam dragon
  4979 | D:5      | Reached XP level 8. HP: 21/66 MP: 12/14
  5883 | D:5      | Killed Pikel
  5884 | D:5      | Reached skill level 6 in Conjurations
  6241 | D:6      | Learned a level 3 spell: Mephitic Cloud
  6299 | D:6      | Reached XP level 9. HP: 62/73 MP: 2/16
  6531 | D:6      | Reached skill level 5 in Fighting
  7077 | D:6      | You fall into a shaft and drop 1 floor!
  7137 | D:7      | Noticed a troll
  7319 | D:7      | Noticed Prince Ribbit
  7336 | D:7      | Killed Prince Ribbit
  7337 | D:7      | Reached skill level 5 in Spellcasting
  7849 | D:7      | Reached skill level 5 in Dodging
  8037 | D:7      | Found a staircase to the Ecumenical Temple.
  8312 | D:8      | Found a flagged portal.
  8469 | Bailey   | Entered a bailey
  8628 | Bailey   | Learned a level 3 spell: Call Canine Familiar
  9021 | Bailey   | Reached skill level 7 in Conjurations
  9021 | Bailey   | Reached skill level 5 in Poison Magic
  9108 | Bailey   | Reached skill level 1 in Summonings
  9112 | Bailey   | Reached XP level 10. HP: 71/83 MP: 6/18
  9341 | Bailey   | Noticed a gargoyle
  9404 | Bailey   | HP: 2/83 [gargoyle/stone arrow (17)]
  9411 | Bailey   | Killed a gargoyle
  9811 | Bailey   | Found the +0 pair of fencer's gloves {Riposte Dex+3}
  9902 | Bailey   | HP: 1/83 [vampire/+1 vampiric glaive (4)]
 10430 | D:8      | Noticed Maurice
 10514 | D:8      | Killed Maurice
 11117 | D:8      | Noticed Maggie
 11123 | D:8      | Killed Maggie
 11352 | D:8      | HP: 2/84 [freezing wraith (11)]
 11352 | D:8      | Slain by a freezing wraith

Illustrated notes

Levels and vault maps discovered:
D:1:      shiori_arrival_whats_in_store_for_you, layout_rooms
D:2:      layout_loops_corners, st_stairs_2, minmay_surrounded
D:3:      kb_forest_paths, layout_loops_ring,
          dreamdust_ecumenical_altar_sealed_demon, nrook_mini_backslash,
          kennysheep_generic_room_15
D:4:      layout_loops_ring, uniq_sigmund, uniq_menkaure, uniq_robin
D:5:      layout_rooms, chequers_jeans, uniq_grinder, uniq_pikel
D:6:      layout_basic
D:7:      layout_rooms, minmay_temple_entry_overgrown, uniq_prince_ribbit1
D:8:      nzn_winding_woodlands_large [nzn_winding_woodlands_5x5_checkerboard,
          nzn_winding_woodlands_5x15_pockets, nzn_winding_woodlands_5x5_cross,
          nzn_winding_woodlands_center_triple_pond,
          nzn_winding_woodlands_15x15_boxy_spiral,
          nzn_winding_woodlands_center_diamonds,
          nzn_winding_woodlands_5x5_three, nzn_winding_woodlands_5x15_longhouse,
          nzn_winding_woodlands_5x5_closed_star], layout_basic,
          nicolae_sif_muna_little_library, enter_bailey_3,
          chequers_serial_rivers_micro_c, uniq_maurice, uniq_maggie,
          uniq_gastronok

Skill      XL: |  1  2  3  4  5  6  7  8  9 10 |
---------------+-------------------------------+-----
Stealth        | 2 |  2.0
Dodging        | 2 3 4 5 6 |  6.0
Fighting       | 1 2 3 4 6 |  6.8
Axes           | 1 |  1.0
Short Blades   | 1 2 3 |  3.3
Spellcasting   | 3 4 5 6 |  6.2
Conjurations   | 5 6 7 |  7.6
Throwing       | 1 2 3 |  3.0
Evocations     | 1 2 3 |  3.0
Air Magic      | 1 3 4 |  4.0
Poison Magic   | 2 3 5 6 |  6.0
Summonings     | 1 2 |  2.9
Ranged Weapons | |  0.1

Action                     |  1- 3 |  4- 6 |  7- 9 | 10-12 || total
---------------------------+-------+-------+-------+-------++-------
  Melee: Hand axe          |    40 |       |       |       ||    40
         Tailslap          |     7 |    12 |    17 |    46 ||    82
         Dagger            |    89 |   119 |   109 |   174 ||   491
         Punch             |     1 |       |     3 |     1 ||     5
         Unarmed           |       |       |       |    19 ||    19
   Fire: Shortbow          |       |       |       |     1 ||     1
  Throw: Dart              |       |     2 |     2 |     1 ||     5
   Cast: Searing Ray       |       |     7 |    62 |    12 ||    81
         Magic Dart        |       |     2 |    67 |     9 ||    78
         Poisonous Vapours |       |       |    41 |     7 ||    48
         Call Canine Famil |       |       |       |     8 ||     8
         Mephitic Cloud    |       |       |       |     6 ||     6
  Evoke: Wand              |       |       |       |     1 ||     1
    Use: Scroll            |       |    14 |     5 |     2 ||    21
         Potion            |       |     1 |     1 |     9 ||    11
   Stab: Sleeping          |     5 |     4 |     3 |     2 ||    14
         Distracted        |       |       |       |     2 ||     2
 Armour: Skin              |    42 |    32 |    83 |    57 ||   214
  Dodge: Dodged            |    95 |    75 |   146 |   126 ||   442
Riposte: Dagger            |       |       |       |    15 ||    15

Table legend: (Time is in decaauts)
 A = Elapsed time spent in this place.
 B = Non-inter-level travel time spent in this place.
 C = Inter-level travel time spent in this place.
 D = Time resting spent in this place.
 E = Time spent auto-exploring this place.
 F = Levels seen in this place.
 G = Mean time per level.
                   A        B        C        D        E       F      G
               +--------+--------+--------+--------+--------+-----+--------+
         Total |  11319 |  10948 |    371 |   2346 |   6512 |   9 | 1257.7 |
       Dungeon |   9765 |   9394 |    371 |   1666 |   6074 |   8 | 1220.6 |
        Bailey |   1553 |   1553 |      0 |    680 |    438 |   1 | 1553.0 |
               +--------+--------+--------+--------+--------+-----+--------+

Top non-repeatable levels by time:
     D:5: 2043 daAuts
  Bailey: 1553 daAuts
     D:8: 1401 daAuts
     D:4: 1383 daAuts
     D:7: 1285 daAuts
     D:6: 1173 daAuts
     D:3: 1032 daAuts
     D:2: 1014 daAuts
     D:1: 431 daAuts
